[Event "*** Titled Tuesday Blitz"]
[Site "Chess.com"]
[Date "2021.04.06"]
[Round "1"]
[White "szachuspl"]
[Black "BeyondMadness"]
[Result "1-0"]
[WhiteElo "2571"]
[BlackElo "2260"]
[TimeControl "180+1"]
[EndTime "10:07:30 PDT"]
[Termination "szachuspl won by resignation"]

1. d4 Nf6 2. c4 c5 3. d5 e6 4. Nc3 exd5 5. cxd5 d6 6. e4 g6 7. Nf3 a6 8. a4 Bg4 9. Be2 Bxf3 10. Bxf3 Bg7 11.
O-O O-O 12. Bf4 Ne8 13. a5 Nd7 14. Re1 Rb8 15. Be2 Qe7 16. Bf1 Nc7 17. Ra3 b5 18. axb6 Rxb6 19. Na4 Rb4 20. f3 Nb5 21. Ra2 Be5 22. Bd2 Rd4 23. Qe2 f5 24. Bc3 fxe4 25.
fxe4 Qh4 26. g3 Qf6 27. Bg2 Rxa4 28. Rxa4 Bxc3 29. Rf1 Bd4+ 30. Kh1 Qe7 31. Rxf8+ Qxf8 32. Rxa6 Nc7 33. Ra1 Ne5 34. Rf1 Qb8 35. Ra1 Qxb2 36. Qxb2 Bxb2 37. Ra7 Nb5 38. Rb7 c4 39. Rxb5 c3 40.
Rb8+ Kg7 41. Rc8 Nd3 42. e5 Nxe5 43. Be4 Ng4 44. Kg2 Ne3+ 45. Kf3 Nf1 46. h3 Nd2+ 47. Ke3 Nf1+ 48. Kf2 Nd2 49. Bc2 Ne4+ 50. Bxe4 1-0

[Event "*** Titled Tuesday Blitz"]
[Site "Chess.com"]
[Date "2021.04.06"]
[Round "1"]
[White "Witik"]
[Black "shaheus"]
[Result "1-0"]
[WhiteElo "2728"]
[BlackElo "2401"]
[TimeControl "180+1"]
[EndTime "10:07:31 PDT"]
[Termination "Witik won on time"]

1. d4 Nf6 2. Bf4 g6 3. Nf3 Bg7 4. Nc3 O-O 5. e4 d6 6. h3 c6 7.
Bh2 b5 8. e5 Ne8 9. a4 b4 10.
Ne4 dxe5 11. dxe5 Qd5 12. Bd3 Bf5 13. Qe2 Nd7 14. g4 Bxe4 15. Bxe4 Qc5 16. Bd3 Nc7 17. O-O Ne6 18. Bc4 Rad8 19. a5 Nd4 20. Nxd4 Qxd4 21. Rad1 Qxb2 22. e6 Ne5 23. exf7+ Kh8 24. Rxd8 Rxd8 25.
Bb3 Rf8 26. Bxe5 Bxe5 27. Rd1 Kg7 28. Rd7 Bf6 29. Rxa7 Qc1+ 30. Kg2 Qf4 31. Qf3 Qd4 32. Rb7 c5 33. Bd5 h5 34. gxh5 gxh5 35. a6 c4 36.
a7 b3 37. cxb3 cxb3 38. Bxb3 h4 39. Bd5 1-0

[Event "*** Titled Tuesday Blitz"]
[Site "Chess.com"]
[Date "2021.04.06"]
[Round "1"]
[White "Eliwood44"]
[Black "MarcoCorvi"]
[Result "1-0"]
[WhiteElo "2507"]
[BlackElo "2112"]
[TimeControl "180+1"]
[EndTime "10:07:32 PDT"]
[Termination "Eliwood44 won by resignation"]

1. d4 Nf6 2. Nf3 g6 3. c4 Bg7 4.
Nc3 O-O 5. Bg5 d6 6. e3 c5 7.
dxc5 dxc5 8. Qxd8 Rxd8 9. Be2 Nc6 10. O-O Be6 11. Rad1 h6 12. Bh4 Kf8 13. Bg3 Rxd1 14.
Rxd1 Rd8 15. Ne5 Rxd1+ 16. Nxd1 Nxe5 17. Bxe5 Nd7 18. Bxg7+ Kxg7 19. f4 f6 20. b3 g5 21.
Nc3 a6 22. Bf3 b6 23. Bb7 a5 24. Bc6 Nb8 25. Bd5 Kf7 26. Kf2 Bxd5 27. Nxd5 Nd7 28.
g3 e6 29. Nc3 Ke7 30. Kf3 Kd6 31. Kg4 f5+ 32. Kh5 gxf4 33. exf4 Nf6+ 34. Kxh6 Ng4+ 35.
Kg6 Nxh2 36. Kf7 Nf1 37. Ne2 e5 38. Kf6 Nxg3 39. Nxg3 exf4 40. Nxf5+ Kc6 41. Nh4 b5 42. Ke5 a4 43. Kxf4 axb3 44. axb3 bxc4 45. bxc4 Kb6 46. Ke4 Kc6 47. Nf3 Kd6 48. Nd2 Kc6 49. Ke5 Kb6 50. Kd5 1-0

[Event "*** Titled Tuesday Blitz"]
[Site "Chess.com"]
[Date "2021.04.06"]
[Round "1"]
[White "annamaja"]
[Black "Nuvas"]
[Result "0-1"]
[WhiteElo "2261"]
[BlackElo "2572"]
[TimeControl "180+1"]
[EndTime "10:07:33 PDT"]
[Termination "Nuvas won on time"]

1. e4 c5 2. Nf3 d6 3. d4 cxd4 4. Nxd4 Nf6 5. Nc3 a6 6. Be2 e6 7. O-O Nbd7 8. f4 b5 9. Bf3 Bb7 10. Qe1 e5 11. Nf5 g6 12. Ng3 Bg7 13. f5 O-O 14.
fxg6 fxg6 15. Be3 Qc7 16. a3 Rac8 17. Rd1 Nb6 18. Bxb6 Qxb6+ 19. Kh1 b4 20. axb4 Qxb4 21. Rb1 h5 22. Qd2 h4 23. Nge2 Rcd8 24. Rfd1 Kh7 25.
Qg5 Bh6 26. Qxh4 d5 27. Qg3 dxe4 28. Bg4 e3 29. Be6 Qc5 30. Bb3 Nh5 31. Qh3 Nf4 32. Nxf4 exf4 33. Rd7+ Rxd7 34. Qxd7+ Bg7 35. Qxb7 f3 36.
gxf3 Qh5 37. Qe4 Rxf3 38. Rg1 Rh3 39. Bg8+ Kxg8 40. Qe8+ Kh7 0-1

[Event "*** Titled Tuesday Blitz"]
[Site "Chess.com"]
[Date "2021.04.06"]
[Round "1"]
[White "vpantev"]
[Black "Fortitudine"]
[Result "1-0"]
[WhiteElo "2593"]
[BlackElo "2271"]
[TimeControl "180+1"]
[EndTime "10:07:35 PDT"]
[Termination "vpantev won on time"]

1. d4 Nf6 2. Nf3 g6 3. Bf4 Bg7 4. e3 d6 5. Be2 O-O 6. h3 b6 7.
c4 c5 8. Nc3 cxd4 9. exd4 Bb7 10. d5 Nbd7 11. O-O Nc5 12. Qc2 a5 13. b3 Bc8 14. Rad1 Bf5 15. Qc1 Nfe4 16. Nxe4 Bxe4 17. Nd4 Bf5 18. Nxf5 gxf5 19. Qc2 Qd7 20. Rfe1 Rad8 21. Bf1 Kh8 22. Re3 Rg8 23. Rde1 Bf6 24. g3 Ne4 25.
Bg2 Nc5 26. Kh2 e5 27. dxe6 fxe6 28. Rd1 Qe7 29. Ree1 e5 30. Be3 Ne6 31. Qxf5 Ng7 32. Qe4 Rb8 33. Qc6 Rgd8 34. Bc1 Nf5 35. Ba3 Qe6 36. Qd5 Qxd5 37. Bxd5 Nd4 38. Kg2 b5 39. Bb2 bxc4 40. Bxc4 Bg7 41. f4 Nc6 42. fxe5 Nxe5 43. Bd5 a4 44. Ba3 axb3 45. axb3 Ra8 46. Bb4 Ra2+ 47.
Rd2 Rxd2+ 48. Bxd2 Rc8 49. Rc1 Rxc1 50. Bxc1 Nd3 51. Bd2 Bd4 52. Kf3 Bc5 53. Ke4 Nb4 54.
Bc4 Kg7 55. Bg5 h6 56. Bd8 Kg6 57. g4 h5 58. gxh5+ Kxh5 59. Bf7+ Kh6 60. h4 Kg7 61.
Be6 Nc6 62. Bg5 1-0

[Event "*** Titled Tuesday Blitz"]
[Site "Chess.com"]
[Date "2021.04.06"]
[Round "1"]
[White "exoticprincess"]
[Black "english_player_89"]
[Result "1/2-1/2"]
[WhiteElo "2926"]
[BlackElo "2471"]
[TimeControl "180+1"]
[EndTime "10:07:36 PDT"]
[Termination "Game drawn by repetition"]

1. e4 e5 2. Nf3 Nc6 3. Bc4 a6 4. O-O Be7 5. d4 exd4 6. Nxd4 Nf6 7. Nxc6 dxc6 8. Qxd8+ Bxd8 9. f3 O-O 10. Be3 Be7 11. Rd1 Nd7 12. Nc3 Nc5 13. Kf2 Be6 14. Bxe6 Nxe6 15.
Rd2 Rfd8 16. Rad1 Rxd2+ 17. Rxd2 Rd8 18. Rxd8+ Bxd8 19. f4 Be7 20. Kf3 f6 21. Ne2 Kf7 22.
g4 g6 23. h4 Bd6 24. b3 Ng7 25. Ng3 h5 26. gxh5 Nxh5 27. Nxh5 gxh5 28. f5 Be5 29. Bf4 c5 30. Be3 b6 31. Bf4 Ke7 32. a4 Kd6 33. Ke3 b5 34. c4 b4 35. Kf3 Ke7 36. Be3 Kd6 37. Bf2 Kc6 38. Bg1 Kd6 39. Be3 Kc6 40. Bh6 Kd6 41. Bf8+ Kc6 42. Be7 Kb6 43. Bf8 a5 44.
Be7 Kc6 45. Ke3 Kb6 46. Bf8 Kc6 47. Kf3 Kb6 48. Bh6 Kc6 49. Bf4 Kd6 50. Ke3 Ke7 51. Bxe5 fxe5 52. Kf3 Kf6 53. Ke3 Kf7 54. Kf3 Kf6 55. Ke3 Kf7 56. Kf3 Kf6 1/2-1/2

[Event "*** Titled Tuesday Blitz"]
[Site "Chess.com"]
[Date "2021.04.06"]
[Round "1"]
[White "Magila31"]
[Black "Chernobay_Artem"]
[Result "0-1"]
[WhiteElo "2317"]
[BlackElo "2613"]
[TimeControl "180+1"]
[EndTime "10:07:36 PDT"]
[Termination "Chernobay_Artem won on time"]

1. Nf3 Nf6 2. c4 g6 3. Nc3 Bg7 4. e4 d6 5. d4 O-O 6. h3 e5 7. d5 a5 8. Be3 Na6 9. Nd2 Nc5 10. Qc2 Bd7 11. Be2 c6 12. Nb3 Na6 13. O-O cxd5 14. cxd5 Rc8 15. Qd1 a4 16. Nd2 a3 17. Qb3 axb2 18.
Qxb2 Qa5 19. Rfc1 Nc5 20. Nc4 Qc7 21. Nb6 Rb8 22. Bxc5 Qxc5 23. Nxd7 Nxd7 24. Nb5 Qb6 25. a4 Nc5 26. a5 Qd8 27. Qb4 Rc8 28. Rc2 f5 29.
Rac1 fxe4 30. Nxd6 Qxd6 31. Rxc5 Rxc5 32. Qxc5 Qf6 33. d6 Bh6 34. Rd1 e3 35. f3 Bf4 36.
Bc4+ Kh8 37. d7 Rd8 38. Qd6 Qh4 39. Qc7 Kg7 0-1

[Event "*** Titled Tuesday Blitz"]
[Site "Chess.com"]
[Date "2021.04.06"]
[Round "1"]
[White "VladaSviridova"]
[Black "Isajevsky_Anton"]
[Result "0-1"]
[WhiteElo "2230"]
[BlackElo "2549"]
[TimeControl "180+1"]
[EndTime "10:07:36 PDT"]
[Termination "Isajevsky_Anton won by checkmate"]

1. d4 f5 2. c4 Nf6 3. g3 g6 4. Bg2 Bg7 5. Nf3 O-O 6. O-O d6 7. Nc3 Nc6 8. d5 Na5 9. Qd3 c5 10. b3 a6 11. Bb2 b5 12. cxb5 axb5 13. Nxb5 Ba6 14. a4 Qd7 15. Nd2 Rfb8 16. Nc4 Bxb5 17. axb5 Qxb5 18. Nxa5 Rxa5 19. Rxa5 Qxa5 20. Ra1 Qb5 21.
Qxb5 Rxb5 22. Ra3 Ng4 23. Bxg7 Kxg7 24. h3 Ne5 25. f4 Nf7 26. e3 Rb4 27. Bf1 Nh6 28. Bc4 Ng8 29. Kf2 Nf6 30. Ke2 h5 31. Ra7 Kf7 32. Ra4 Rb7 33. Kf3 Ne4 34. Ra2 Nf6 35.
Ra8 Ne4 36. Ra2 Rb8 37. Kg2 Nc3 38. Rc2 Nd1 39. Kf3 Ra8 40. Rd2 Ra1 41. Be2 Nc3 42. Bc4 Ne4 43. Rb2 Rg1 44. g4 Rg3+ 45. Ke2 Rg2+ 46. Kd3 Rxb2 47. gxf5 gxf5 48. h4 Rd2# 0-1

[Event "*** Titled Tuesday Blitz"]
[Site "Chess.com"]
[Date "2021.04.06"]
[Round "1"]
[White "thechesscorner64"]
[Black "GMHess"]
[Result "0-1"]
[WhiteElo "2418"]
[BlackElo "2781"]
[TimeControl "180+1"]
[EndTime "10:07:37 PDT"]
[Termination "GMHess won on time"]

1. e4 g6 2. d4 Bg7 3. Nc3 a6 4. a4 d6 5. g3 e6 6. Bg2 Ne7 7. Bg5 h6 8. Be3 Nd7 9. Qd2 b6 10. f4 Bb7 11. Nge2 Nf6 12. O-O Ng4 13. h3 Nxe3 14. Qxe3 Qd7 15. Kh2 O-O-O 16. a5 b5 17. Nd1 d5 18. Nf2 dxe4 19. Nxe4 Bxd4 20.
Qb3 Ba7 21. Rad1 Qxd1 22. Rxd1 Rxd1 23. Qc3 Rhd8 24. Qf6 Nd5 25. Qxf7 Ne3 26. Bf3 Nf1+ 27. Kg2 Ne3+ 28. Kh2 Rf1 29. Qxe6+ Kb8 30. Bg2 Nxg2 31. Nd6 cxd6 32. Qe7 Rc8 33. Qxd6+ Ka8 34. Nd4 Ne3 35. g4 Rd1 36. c3 Nc2 37. g5 Nxd4 38. cxd4 hxg5 39.
fxg5 Bb8 0-1

[Event "*** Titled Tuesday Blitz"]
[Site "Chess.com"]
[Date "2021.04.06"]
[Round "1"]
[White "Manukyan_Artak"]
[Black "EvgenyT"]
[Result "0-1"]
[WhiteElo "2463"]
[BlackElo "2934"]
[TimeControl "180+1"]
[EndTime "10:07:38 PDT"]
[Termination "EvgenyT won by checkmate"]

1. e4 c6 2. d4 d5 3. e5 Bf5 4. c4 e6 5. Nc3 Nd7 6. Nf3 Ne7 7.
Nh4 Bg6 8. Bg5 Qb6 9. Qd2 dxc4 10. Bxc4 Nd5 11. O-O Be7 12. Nxg6 hxg6 13. Bxe7 Nxe7 14. Ne4 Nf5 15. Rfd1 O-O-O 16. Ng5 Nxe5 17. dxe5 Rxd2 18. Rxd2 Qb4 19. Rc2 Rh4 20. Bf1 Qe7 21. Nf3 Nd4 22. Nxd4 Rxd4 23. a3 Qd7 24. b4 Rd1 25. Rcc1 Rxc1 26.
Rxc1 Qd2 27. Rc4 Kc7 28. a4 g5 29. g3 Qe1 30. f4 gxf4 31. gxf4 Qe3+ 32. Kg2 g6 33. a5 Qd2+ 34. Kg1 Qd5 35. Kf2 b6 36. axb6+ axb6 37. Be2 b5 38. Rc5 Qd4+ 39. Kf3 Qxb4 40. Rc2 c5 41. Bd3 c4 42. Be4 Qe1 43. Re2 Qh1+ 44. Ke3 Qg1+ 45. Kd2 Kb6 46. Kc3 Kc5 47. Rc2 Qd4# 0-1

[Event "*** Titled Tuesday Blitz"]
[Site "Chess.com"]
[Date "2021.04.06"]
[Round "1"]
[White "Vandros57"]
[Black "RestartingChess"]
[Result "0-1"]
[WhiteElo "2208"]
[BlackElo "2540"]
[TimeControl "180+1"]
[EndTime "10:07:38 PDT"]
[Termination "RestartingChess won on time"]

1. d4 Nf6 2. c4 g6 3. Nc3 Bg7 4. e4 d6 5. f3 O-O 6. Be3 e5 7. Nge2 exd4 8. Nxd4 Nc6 9. Nxc6 bxc6 10. Qd2 Be6 11. Be2 a6 12. O-O Rb8 13. b3 Nd7 14. Rac1 f5 15. Bd4 Bxd4+ 16. Qxd4 Qg5 17.
f4 Qf6 18. Qxf6 Nxf6 19. exf5 Bxf5 20. Bf3 c5 21. h3 h5 22. Rfe1 Rfe8 23. Kf2 Kf7 24.
Rxe8 Rxe8 25. Bc6 Re7 26. Re1 Rxe1 27. Kxe1 h4 28. Kf2 Ke6 29. Kf3 Bc2 30. Bb7 a5 31.
Bc6 Kf5 32. Bb7 Ke6 33. Bc6 Ke7 34. Bb7 Bf5 35. Bc6 Nd7 36. Nd5+ Kd8 37. Bxd7 Kxd7 38. Nc3 c6 39. Ke3 Ke6 40. Ne4 Bxe4 41. Kxe4 d5+ 42. Ke3 Kf5 43. Kf3 d4 44. a3 d3 45.
Ke3 d2 46. Kxd2 Kxf4 47. Ke2 Ke4 48. Kd2 Kd4 49. a4 g5 50. Ke2 Kc3 51. Kf3 Kxb3 52. Kg4 Kxa4 53. Kxg5 Kb4 54. Kxh4 a4 55. g4 a3 56. g5 a2 57. g6 a1=Q 58. g7 Qxg7 0-1

[Event "*** Titled Tuesday Blitz"]
[Site "Chess.com"]
[Date "2021.04.06"]
[Round "1"]
[White "Orzechowski_Jacek"]
[Black "Nf3c5"]
[Result "1/2-1/2"]
[WhiteElo "2211"]
[BlackElo "2526"]
[TimeControl "180+1"]
[EndTime "10:07:38 PDT"]
[Termination "Game drawn by repetition"]

1. c4 e5 2. Nc3 Bc5 3. Nf3 d6 4. e3 a6 5. d4 exd4 6. exd4 Ba7 7. h3 h6 8. Bd3 Nf6 9. O-O O-O 10. Re1 Nc6 11.
Bc2 Re8 12. Rxe8+ Qxe8 13. a3 Ne7 14. b4 Bf5 15. Bb2 Qd7 16. Bxf5 Nxf5 17. Qd3 Re8 18. Rd1 Ne7 19. Re1 Qf5 20. Qxf5 Nxf5 21. Rxe8+ Nxe8 22. Nd5 c6 23. Ne3 Nxe3 24. fxe3 Nf6 25. Nd2 d5 26. Kf2 Bb8 27. c5 Ne4+ 28. Ke2 Nxd2 29. Kxd2 f5 30. Ke2 g5 31. g4 Kf7 32. Kf3 Kg6 33. Bc1 h5 34. Bd2 Bh2 35. Be1 Bg1 36. Bg3 hxg4+ 37.
hxg4 f4 38. Bf2 Bxf2 39. Kxf2 fxe3+ 40. Kxe3 Kf6 41. Kd3 Ke6 42. a4 Kd7 43. a5 Ke6 44. Ke3 Kf6 45. Kf3 Ke6 46. Ke3 Kf6 47. Kf3 Ke6 48. Ke3 1/2-1/2

[Event "*** Titled Tuesday Blitz"]
[Site "Chess.com"]
[Date "2021.04.06"]
[Round "1"]
[White "Harry_Rakkel"]
[Black "tylityli"]
[Result "0-1"]
[WhiteElo "2588"]
[BlackElo "2319"]
[TimeControl "180+1"]
[EndTime "10:07:40 PDT"]
[Termination "tylityli won on time"]

1. d4 Nf6 2. c4 e6 3. Nc3 Bb4 4. Nf3 O-O 5. Bg5 h6 6. Bh4 c5 7. Rc1 cxd4 8. Nxd4 Nc6 9. e3 Be7 10.
Be2 d5 11. O-O dxc4 12. Nxc6 bxc6 13. Bxc4 Nd5 14. Bxe7 Qxe7 15. Na4 a5 16. Qf3 Ba6 17. b3 Qa3 18. Qe2 Bb5 19. e4 Nf4 20. Qe3 e5 21. g3 Ne6 22. Qc3 Nd4 23. Qb2 Qe7 24.
Bxb5 cxb5 25. Nb6 Rad8 26. Nd5 Qg5 27. Kg2 f5 28. Qb1 f4 29. f3 fxg3 30. hxg3 Ne2 31. g4 Nxc1 32. Qxc1 Qg6 33. Qc7 Qe6 34. Qxa5 Rf7 35.
Qxb5 Rfd7 36. Rf2 Qf7 37. a4 Kh7 38. Qc4 h5 39. g5 h4 0-1

[Event "*** Titled Tuesday Blitz"]
[Site "Chess.com"]
[Date "2021.04.06"]
[Round "1"]
[White "PSvidler"]
[Black "Ajedrez_con_German"]
[Result "1-0"]
[WhiteElo "2961"]
[BlackElo "2471"]
[TimeControl "180+1"]
[EndTime "10:07:41 PDT"]
[Termination "PSvidler won by resignation"]

1. e4 d5 2. exd5 Qxd5 3. Nc3 Qd6 4. d4 Nf6 5. Nf3 c6 6. Ne5 Nbd7 7. Nc4 Qc7 8. Qf3 Nb6 9. Bf4 Qd8 10. Ne5 Nbd5 11. Bd2 Be6 12. Bc4 g6 13. O-O-O Bg7 14. g4 O-O 15. g5 Nxc3 16. Bxe6 fxe6 17. gxf6 exf6 18. Qxc3 fxe5 19. dxe5 Qd5 20. f4 Qxa2 21. b3 Rfd8 22. Qb2 Qxb2+ 23. Kxb2 Rd5 24. Be3 a6 25. c4 Rdd8 26. h4 Kf7 27. Bb6 Rxd1 28. Rxd1 Ke8 29. Rd6 Bf8 30. Rxe6+ Kd7 31. Rf6 Ke8 32. f5 Be7 33. Re6 Kd7 34. h5 gxf5 35.
Rh6 Rf8 36. e6+ Kd6 37. Kc3 f4 38. Kd4 f3 39. Bc5+ Kc7 40. Rxh7 f2 41. Rxe7+ Kc8 42. Rf7 Rxf7 43. exf7 f1=Q 44. f8=Q+ Qxf8 45. Bxf8 1-0

[Event "*** Titled Tuesday Blitz"]
[Site "Chess.com"]
[Date "2021.04.06"]
[Round "1"]
[White "Snowflake"]
[Black "AAponteR"]
[Result "1/2-1/2"]
[WhiteElo "2509"]
[BlackElo "2143"]
[TimeControl "180+1"]
[EndTime "10:07:41 PDT"]
[Termination "Game drawn - timeout vs insufficient material"]

1. Nf3 Nf6 2. g3 e6 3. Bg2 d5 4. O-O Be7 5. d3 O-O 6. Nbd2 b6 7. Re1 Bb7 8. e4 dxe4 9. dxe4 Nxe4 10. Ne5 Nc5 11.
Bxb7 Nxb7 12. Qf3 Qd5 13. Qe2 Nc6 14. Nxc6 Qxc6 15. c3 a5 16. Nf3 Bf6 17. Bf4 Rad8 18. Rad1 Nc5 19. h4 Qa4 20. b3 Qc6 21. c4 Rxd1 22.
Rxd1 Rd8 23. Rxd8+ Bxd8 24. h5 h6 25. Ne5 Qe4 26. Qxe4 Nxe4 27. Nc6 Bf6 28. Bxc7 Nc3 29. Bxb6 a4 30. Bd4 axb3 31. axb3 Ne2+ 32. Kg2 Nxd4 33. Na5 Bd8 34. Nb7 Be7 35. Na5 Bb4 36. Nb7 Nxb3 37. Nd8 Na5 38. Kf3 Be7 39. Nxe6 fxe6 40.
Ke4 Nxc4 41. Kd4 Nd6 42. Ke5 Kf7 43. Kf4 Nf5 44. Kg4 Bd6 45. Kf3 Ne7 46. g4 Kf6 47. Ke4 Kg5 48. f3 Nd5 49. Kd4 Bf4 50. Ke4 Nf6+ 51.
Kd4 e5+ 52. Kc5 e4 53. fxe4 Kxg4 54. e5 Kxh5 55. e6 Be5 56. e7 Bf4 57. Kc6 g5 58.
Kb7 Kg6 59. Kc8 g4 60. Kd8 Bd6 61. e8=Q+ Nxe8 62. Kd7 g3 63. Ke6 g2 64. Kd5 g1=Q 65.
Kc6 Qc5+ 66. Kd7 Qc7+ 67. Ke6 Ng7+ 68. Kd5 Qc5+ 69. Ke4 1/2-1/2

[Event "*** Titled Tuesday Blitz"]
[Site "Chess.com"]
[Date "2021.04.06"]
[Round "1"]
[White "IANOV0007"]
[Black "Genghis_K"]
[Result "0-1"]
[WhiteElo "2464"]
[BlackElo "2936"]
[TimeControl "180+1"]
[EndTime "10:07:44 PDT"]
[Termination "Genghis_K won by resignation"]

1. Nf3 Nf6 2. g3 d5 3. Bg2 c6 4. O-O Bf5 5. d3 h6 6. c4 e6 7. Be3 Be7 8. Qb3 Qc7 9. cxd5 exd5 10. Rc1 Nbd7 11. Nc3 Bh7 12. Nxd5 Nxd5 13. Qxd5 O-O 14. Qb3 Nf6 15. a3 Rfe8 16. Rc2 Bf8 17. Bd4 Nd7 18. Rac1 Bf5 19. Nh4 Be6 20. Qc3 Qd6 21. Be3 Nf6 22.
Bf4 Qd7 23. Nf3 Nd5 24. Qd2 Nxf4 25. Qxf4 Bd6 26. Qa4 Qe7 27. Nd4 Bd7 28. Qb3 Rab8 29. Be4 Qf6 30. e3 g6 31. Ne2 Kg7 32. Qc3 Be5 33.
Qa5 a6 34. Qb4 Bd6 35. Qc3 Be5 36. d4 Bxd4 37. Qxd4 Qxd4 38. Nxd4 Rxe4 39. Rd2 Re7 40.
Rcd1 Bg4 41. f3 Bd7 42. Kf2 Rbe8 43. e4 c5 44. Nb3 Ba4 45. Nxc5 Bxd1 46. Rxd1 Rc8 47.
b4 b6 48. Nxa6 Rc2+ 49. Ke3 Rc3+ 50. Rd3 Rc2 51. b5 Rxh2 52. Nb4 Rb2 53. Nd5 Ra7 54. Nxb6 Rxb5 55. Nc4 Ra4 56. Nd6 Rba5 57. Ne8+ Kf8 58. Nf6 Rxa3 59. g4 Rxd3+ 60. Kxd3 Ra3+ 61. Ke2 Kg7 62. e5 Rb3 63. f4 g5 64. f5 Rb5 65. Nd7 Rd5 66. f6+ Kg8 67. e6 fxe6 68. f7+ Kxf7 0-1

[Event "*** Titled Tuesday Blitz"]
[Site "Chess.com"]
[Date "2021.04.06"]
[Round "1"]
[White "MasterMK73"]
[Black "Sanyura"]
[Result "0-1"]
[WhiteElo "2273"]
[BlackElo "2593"]
[TimeControl "180+1"]
[EndTime "10:07:44 PDT"]
[Termination "Sanyura won on time"]

1. e4 c6 2. d4 d5 3. e5 c5 4. dxc5 Nc6 5. Nf3 Bg4 6. Bb5 e6 7. a3 Bxc5 8. Bxc6+ bxc6 9. b4 Bb6 10. O-O Ne7 11. h3 Bh5 12. Bb2 O-O 13. Nbd2 a5 14. Re1 Rb8 15. Nf1 Ba7 16. Ng3 Bxf3 17. Qxf3 axb4 18.
axb4 Qc7 19. Nh5 Rxb4 20. Ba3 Rb7 21. Qg4 Ng6 22. Bxf8 Kxf8 23. h4 Qb6 24. Qg3 Kg8 25. Re2 Qd4 26. Rae1 Qxh4 27. Qxh4 Nxh4 28. Ra1 h6 29. c3 Nf5 30. Rea2 Bb8 31. Ra8 Kh7 32. f4 Kg6 33. g4 Ne3 34. f5+ exf5 35. Nf4+ Kg5 36.
Nh3+ Kxg4 37. Nf2+ Kg5 38. R1a6 Bxe5 39. Nd3 Ng4 0-1

[Event "*** Titled Tuesday Blitz"]
[Site "Chess.com"]
[Date "2021.04.06"]
[Round "1"]
[White "2Tilted"]
[Black "Chessmasterzt"]
[Result "0-1"]
[WhiteElo "2324"]
[BlackElo "2617"]
[TimeControl "180+1"]
[EndTime "10:07:46 PDT"]
[Termination "Chessmasterzt won by checkmate"]

1. d4 Nf6 2. Nf3 d6 3. c4 g6 4.
Nc3 Bg7 5. e4 O-O 6. Be2 Bg4 7.
O-O Nfd7 8. h3 Bxf3 9. Bxf3 Nc6 10. d5 Nd4 11. Be2 c5 12. dxc6 bxc6 13. Bd3 Rb8 14. b3 Nxb3 15. axb3 Bxc3 16. Rxa7 Bd4 17. Ra2 Qb6 18.
Bc2 Ra8 19. Rxa8 Rxa8 20. Bg5 Ra1 21. Qe2 Rxf1+ 22. Qxf1 f6 23. Bh4 Nc5 24. Qd1 e5 25. Bxf6 Bxf2+ 26. Kxf2 Nxe4+ 27. Kf3 Nxf6 28. Qxd6 e4+ 29.
Bxe4 Qxb3+ 30. Bd3 Qc3 31. g4 h6 32. h4 g5 33. hxg5 hxg5 34. Qe6+ Kg7 35. Qf5 Kf7 36. Qg6+ Ke7 37. Ke2 Qe5+ 38. Kd2 Kd6 39. Qf5 Qh2+ 40. Kc3 Qe5+ 41. Kb4 c5+ 42. Kb5 Qb2+ 43. Ka6 Qa3+ 44. Kb6 Nd7+ 45. Kb7 Qb4+ 46. Kc8 Qb8# 0-1

[Event "*** Titled Tuesday Blitz"]
[Site "Chess.com"]
[Date "2021.04.06"]
[Round "1"]
[White "GMRafpig"]
[Black "ARMQUEEN"]
[Result "1-0"]
[WhiteElo "2609"]
[BlackElo "2311"]
[TimeControl "180+1"]
[EndTime "10:07:47 PDT"]
[Termination "GMRafpig won by resignation"]

1. c4 c5 2. g3 g6 3. Bg2 Bg7 4. Nc3 Nf6 5. Nf3 O-O 6. O-O Nc6 7. d4 cxd4 8. Nxd4 Qa5 9. Nb3 Qh5 10. Nd5 d6 11.
Nf4 Qe5 12. Re1 g5 13. Nd5 Be6 14. e4 g4 15. Bd2 Qh5 16. Nf4 Qe5 17. Bc3 Qg5 18.
c5 Rad8 19. cxd6 Rxd6 20. Qe2 Ne5 21. Bb4 Bc4 22. Qc2 Rd7 23. Nc5 Rc7 24. b3 Bb5 25. a4 Ba6 26. Qd2 Nf3+ 27. Bxf3 gxf3 28. Qe3 Ng4 29.
Qxf3 Bxa1 30. Rxa1 Ne5 31. Qe3 Ng4 32. Qf3 Rfc8 33. Nxa6 Rc1+ 34. Rxc1 Rxc1+ 35. Kg2 bxa6 36. Nd5 f6 37. Bxe7 Kf7 38. h3 Ne5 39. Qxf6+ Qxf6 40. Bxf6 Nd3 41. g4 Rc2 42. Bd4 Ne1+ 43. Kg3 Rd2 44. Bxa7 Rd3+ 45. Kf4 Rxb3 46. Ke5 Rxh3 47. f4 Ra3 48.
Kd6 Rxa4 49. e5 Nd3 50. e6+ Kg7 51. e7 Re4 52. f5 Kf7 53. f6 Re6+ 54. Kc7 Ne5 55. Bc5 Nxg4 56. Kd8 h5 57. Nc7 Nxf6 58. Nxe6 Kxe6 59. Bd4 h4 60. Bxf6 Kxf6 61. e8=Q h3 62.
Qh8+ Kf7 63. Qxh3 1-0

[Event "*** Titled Tuesday Blitz"]
[Site "Chess.com"]
[Date "2021.04.06"]
[Round "1"]
[White "MartinHollan"]
[Black "PawnEatingZombie"]
[Result "1-0"]
[WhiteElo "2539"]
[BlackElo "2202"]
[TimeControl "180+1"]
[EndTime "10:07:47 PDT"]
[Termination "MartinHollan won by resignation"]

1. d4 d5 2. Nf3 e6 3. c4 dxc4 4. e3 b5 5. a4 c6 6. b3 Bb4+ 7. Bd2 Bxd2+ 8. Qxd2 a5 9. axb5 cxb5 10. bxc4 b4 11. Bd3 Nf6 12. e4 e5 13. d5 Nbd7 14.
Qb2 Qc7 15. Nbd2 O-O 16. O-O Re8 17. Rfc1 Nc5 18. Bb1 Bg4 19. Nh4 Nfd7 20. h3 Bh5 21. Nf5 Bg6 22. g4 Bxf5 23. gxf5 Reb8 24. Kh1 a4 25. Rg1 Qd6 26. Nf3 Qh6 27. Rg3 a3 28.
Qe2 b3 29. Nh2 a2 30. Bxa2 bxa2 31. Rxa2 Rxa2 32. Qxa2 Qc1+ 33. Rg1 Qb2 34. Qxb2 Rxb2 35. f3 Rc2 36. Ng4 Rxc4 37. f6 g6 38. Rb1 Nd3 39.
Rb7 h5 40. Nh6+ Kh7 41. Nxf7 Nxf6 42. Nxe5+ Kh6 43. Nxc4 Kg5 44. Kg2 Nf4+ 45. Kf2 Nxh3+ 46. Ke3 Nf4 47. d6 h4 48. d7 Nxd7 49. Rxd7 h3 50. Rd1 h2 51. Rh1 Ng2+ 52. Kf2 1-0

[Event "*** Titled Tuesday Blitz"]
[Site "Chess.com"]
[Date "2021.04.06"]
[Round "1"]
[White "DarZay"]
[Black "SanchezKelvin"]
[Result "0-1"]
[WhiteElo "2173"]
[BlackElo "2523"]
[TimeControl "180+1"]
[EndTime "10:07:47 PDT"]
[Termination "SanchezKelvin won on time"]

1. e4 c5 2. Nf3 d6 3. d4 cxd4 4. Nxd4 Nf6 5. Nc3 g6 6. f3 Bg7 7. Be3 O-O 8. Qd2 Nc6 9. O-O-O Nxd4 10. Bxd4 Be6 11. Kb1 Qc7 12. Nb5 Qc6 13. Nc3 Qc7 14. Nb5 Qc6 15. Nc3 Rfc8 16. Bb5 Qc7 17. Be2 Qa5 18. g4 Rxc3 19. Qxc3 Qxa2+ 20. Kc1 Bh6+ 21. Be3 Rc8 22. Bxh6 Rxc3 23. bxc3 Nd7 24. Kd2 Qa5 25. Ra1 Qb6 26. Be3 Nc5 27. Rhb1 Qc6 28. Bb5 Qc7 29.
Rxa7 f6 30. Ra8+ Kg7 31. Bxc5 dxc5 32. c4 Qxh2+ 33. Kc3 Qe2 34. Re8 Qxf3+ 35. Kb2 Kf7 36. Rh8 Bxg4 37. Rxh7+ Ke6 38. Rbh1 Bh5 39. Ra1 Qxe4 40.
Ra7 f5 41. Ra8 Kf6 42. Rf8+ Kg5 43. Re8 e5 44. Rhe7 Qd4+ 45. Kb3 e4 46. Re5 Bd1 47. Rd5 Qe3+ 48. Kb2 Be2 0-1

[Event "*** Titled Tuesday Blitz"]
[Site "Chess.com"]
[Date "2021.04.06"]
[Round "1"]
[White "Iskusnyh"]
[Black "Redzishchess"]
[Result "1/2-1/2"]
[WhiteElo "2650"]
[BlackElo "2358"]
[TimeControl "180+1"]
[EndTime "10:07:48 PDT"]
[Termination "Game drawn by repetition"]

1. d4 Nf6 2. c4 c5 3. d5 e6 4. Nc3 exd5 5. cxd5 d6 6. Nf3 g6 7.
Nd2 Bg7 8. e4 O-O 9. Be2 Nbd7 10. O-O Re8 11. a4 a6 12. h3 Rb8 13. a5 Qc7 14.
Qc2 b5 15. axb6 Rxb6 16. Nc4 Rb4 17. Bf4 Ne5 18. Nxe5 dxe5 19. Be3 Rd4 20. Bxa6 Bxa6 21. Rxa6 Rb8 22. Rc6 Qa5 23. Bxd4 exd4 24. Ne2 d3 25. Qxd3 Rxb2 26. Rc8+ Bf8 27. Rb1 Rxb1+ 28. Qxb1 Qa6 29. Qb8 Nd7 30. Rxf8+ Nxf8 31. Qb2 Qd3 32.
Nc3 c4 33. Qb4 Qd2 34. Qxc4 Nd7 35. g3 Qe1+ 36. Kg2 Ne5 37. Qc8+ Kg7 38. Qc7 Nd3 39. Qb6 Qxc3 40. Qe3 Qc2 41. d6 Qd1 42. e5 Ne1+ 43.
Kh2 Nf3+ 44. Kg2 Ne1+ 45. Kh2 Nf3+ 46. Kg2 Ne1+ 1/2-1/2

[Event "*** Titled Tuesday Blitz"]
[Site "Chess.com"]
[Date "2021.04.06"]
[Round "1"]
[White "IngOscarArdila"]
[Black "Alex_Molchanov"]
[Result "1-0"]
[WhiteElo "2205"]
[BlackElo "2512"]
[TimeControl "180+1"]
[EndTime "10:07:48 PDT"]
[Termination "IngOscarArdila won on time"]

1. d4 Nf6 2. c4 g6 3. Nc3 Bg7 4. e4 d6 5. Nf3 O-O 6. Be2 Nbd7 7. O-O e5 8. d5 a5 9. Qc2 Nc5 10. Bg5 Qd7 11. b3 Nh5 12. g3 f6 13. Be3 Qf7 14. Nh4 f5 15. Bxh5 f4 16. Bxc5 dxc5 17. Be2 g5 18. Nf5 Bxf5 19. exf5 Rae8 20. Bd3 e4 21.
Nxe4 Qxf5 22. Rae1 f3 23. Kh1 Qh3 24. Rg1 h6 25.
Bf1 Qf5 26. Bd3 Bd4 27. g4 Qf4 28. h3 Re7 29. Ng3 Re5 30. Re4 Rxe4 31. Bxe4 Rf6 32.
Bh7+ Kh8 33. Bf5 Qe5 34. Rf1 a4 35. Qe4 Qxe4 36. Nxe4 Rb6 37. Nd2 Bc3 38. Nxf3 axb3 39. axb3 Rxb3 40. Kg2 Rb4 41. Bd3 Kg7 42. h4 Kf6 43.
hxg5+ hxg5 44. Rh1 Rb3 45. Rh6+ Ke7 46. Rh7+ Kd6 47.
Bf5 1-0